 Dungeon Crawl Stone Soup version 0.23.2 (webtiles) character file.

Game seed: 6010654474442328645

48 Kairos the Skirmisher (level 3, 0/24 HPs)
             Began as a Gargoyle Monk on Apr 4, 2019.
             Slain by an orc
             ... wielding a +2 flail of crushing
              (4 damage)
             ... on level 2 of the Dungeon.
             The game lasted 00:02:07 (1105 turns).

Kairos the Skirmisher (Gargoyle Monk)               Turns: 1105, Time: 00:02:08

Health: 0/24       AC: 13    Str: 14 (15) XL:     3   Next: 72%
Magic:  3/3        EV:  5    Int:  9 (10) God:
Gold:   74         SH:  3    Dex: 11 (12) Spells: 2/2 levels left

rFire    . . .     SeeInvis .   a - +1 mace
rCold    . . .     Gourm    .   d - +0 buckler
rNeg     + . .     Faith    .   m - +0 plate armour
rPois    ∞         Spirit   .   (no helmet)
rElec    +         Reflect  .   (no cloak)
rCorr    .         Harm     .   (no gloves)
MR       .....                  (no boots)
Stlth    ..........             (no amulet)
HPRegen  0.08/turn              g - +2 ring of evasion
MPRegen  0.08/turn              (no ring)

@: no status effects
A: negative energy resistance 1, electricity resistance, unbreathing,
petrification resistance, rot immunity, AC +3
a: no special abilities


You were on level 2 of the Dungeon.
You were hungry.

You visited 1 branch of the dungeon, and saw 3 of its levels.

You collected 74 gold pieces.

Inventory:

Hand Weapons
 a - a +1 mace (weapon)
Armour
 b - a +0 robe
 d - a +0 buckler (worn)
 e - a +2 leather armour of cold resistance
 m - a +0 plate armour (worn)
Jewellery
 g - a +2 ring of evasion (left hand)
Scrolls
 l - a scroll of identify {unknown}
Comestibles
 c - 4 rations


   Skills:
 + Level 4.0 Fighting
 + Level 3.6 Maces & Flails
 + Level 0.1 Armour
 + Level 2.7 Dodging
 + Level 2.4 Stealth


You had 2 spell levels left.
You didn't know any spells.
Your spell library contained the following spells:

 Spells                   Type           Power        Failure   Level  Hunger
 Magic Dart               Conj           #...         100%        1    ##.....
 Blink                    Tloc           N/A          100%        2    ###....
 Call Imp                 Summ           #.......     100%        2    ###....
 Slow                     Hex            #.......     100%        2    ###....
 Conjure Flame            Conj/Fire      #.......     100%        3    ####...
 Mephitic Cloud           Conj/Pois/Air  #.......     100%        3    ####...


Dungeon Overview and Level Annotations

Branches:
Dungeon (3/15)

Altars:


Innate Abilities, Weirdness & Mutations

You are resistant to torment.
Your stone body is resilient. (AC +3)
You are immune to poison.
You resist negative energy. (rN+)
You are resistant to electric shocks. (rElec)
You can survive without breathing.
You are immune to petrification.
You are immune to rotting.


Message History

The orc priest calls down the wrath of Beogh upon you.
Beogh smites you!
Ouch! That really hurt!
The orc hits you with a +0 mace.
There is a stone staircase leading up here.
The orc hits you with a +2 flail of crushing.
* * * LOW HITPOINT WARNING * * *
x2 You block the orc's attack.
You climb upwards.
There is a stone staircase leading down here.
The orc hits you but does no damage. The orc hits you with a +0 mace.
* * * LOW HITPOINT WARNING * * *
You block the orc's attack.
You aren't carrying any potions.
Unknown command.
Sorry, you're not good enough to have a special ability.
As you read the scroll labeled WIDDAS SICYSCH, it crumbles to dust.
You feel blessed for a moment.
It was a scroll of remove curse.
The orc hits you with a +2 flail of crushing.
You die...

......#..#'#######
......##.#.#
########...#
##..##########
#..##.......#
##..#.......#
#..#.......# #####
#..#.......# #....
#..#.oo@...# #.##.
##.#.#####.# #.##.
#...# #.#
######.##. ##..#
#.# #.......#.
#..# #.#
#.###.#.#. #..#
#.# #.# #.#.#.
#.># #.# #.#
#.#.#. ####
#.####.# #.#<#.
#......# #.#.#.


You could see 2 orcs.

Vanquished Creatures
  An ooze (D:1)
  2 worms (D:2)
  2 dart slugs
  A giant cockroach (D:2)
  6 goblins
  3 hobgoblins
  4 jackals (D:1)
  4 kobolds
  2 bats (D:1)
  3 frilled lizards
  4 rats (D:1)
32 creatures vanquished.

Notes
Turn   | Place    | Note
-------+----------+-------------------------------------------
     0 | D:1      | Kairos the Gargoyle Monk began the quest for the Orb.
     0 | D:1      | Reached XP level 1. HP: 14/14 MP: 1/1
   104 | D:1      | Reached XP level 2. HP: 15/19 MP: 2/2
   316 | D:1      | Reached XP level 3. HP: 18/24 MP: 3/3
   592 | D:2      | Reached skill level 4 in Fighting
  1105 | D:2      | Slain by an orc

Skill      XL: |  1  2  3 |
---------------+----------+-----
Fighting       | 4 |  4.0
Maces & Flails | |  3.6
Armour         | |  0.1
Dodging        | |  2.7
Stealth        | |  2.4

Action                   || total
-------------------------++-------
Melee: Mace              ||   113
  Use: Scroll            ||     4
       Potion            ||     4
 Stab: Sleeping          ||     2
Armor: Robe              ||    33
       Plate armour      ||    13
       Leather armour    ||     5
Dodge: Dodged            ||    81
Block: Buckler           ||    14
